 Dungeon Crawl Stone Soup version 0.21-a0-404-g291f19a (webtiles) character file.

550 sagitran the Slasher (level 7, -6/52 HPs)
             Began as a Demonspawn Gladiator on Oct 31, 2017.
             Mangled by an ogre
             ... wielding a +0 giant club
              (17 damage)
             ... on level 5 of the Dungeon.
             The game lasted 00:18:23 (4175 turns).

sagitran the Slasher (Demonspawn Gladiator)         Turns: 4175, Time: 00:18:24

Health: -6/52      AC:  5    Str: 14 (16) XL:     7   Next: 7%
Magic:  0/7        EV: 13    Int:  9 (10) God:
Gold:   153        SH:  0    Dex: 13 (16) Spells: 6/6 levels left

rFire    . . .     SeeInvis +   a - +0 long sword
rCold    + . .     Gourm    .   (no shield)
rNeg     . . .     Faith    .   b - +0 leather armour
rPois    .         Spirit   +   c - +0 helmet
rElec    .         Reflect  .   (no cloak)
rCorr    .         Harm     .   (no gloves)
MR       .....     Rnd*Tele +   w - +0 pair of boots
Stlth    +.........             t - amulet of magic regeneration
HPRegen  0.17/turn              F - ring of teleportation (curse)
MPRegen  0.35/turn              h - ring of see invisible

@: confused, about to teleport
A: claws 1, thin skeletal structure 1, cold resistance 1, magic shield, freezing
cloud immunity
a: no special abilities


You were on level 5 of the Dungeon.
You were not hungry.

You visited 1 branch of the dungeon, and saw 5 of its levels.

You collected 153 gold pieces.

Inventory:

Hand Weapons
 a - a +0 long sword (weapon)
Missiles
 d - a throwing net (quivered)
 s - 7 tomahawks
Armour
 b - a +0 leather armour (worn)
 c - a +0 helmet (worn)
 w - a +0 pair of boots (worn)
 A - a +0 ring mail
Jewellery
 h - a ring of see invisible (right claw)
 t - an amulet of magic regeneration (around neck)
 F - a cursed ring of teleportation (left claw)
Scrolls
 e - 2 scrolls of amnesia {unknown}
 g - a scroll of random uselessness {unknown}
 i - a scroll of fog {unknown}
 k - 2 scrolls of identify {unknown}
 n - a scroll of fear {unknown}
 p - a scroll of teleportation
 u - 2 scrolls of magic mapping {unknown}
 v - a scroll of enchant weapon {unknown}
 y - 2 scrolls of remove curse {unknown}
 C - 2 scrolls of enchant armour {unknown}
 H - 2 scrolls of blinking {unknown}
Potions
 j - a potion of mutation {unknown}
 l - a potion of berserk rage
 o - a potion of might
 q - a potion of ambrosia
 D - a potion of degeneration
 E - a potion of agility {unknown}
Comestibles
 f - 4 bread rations
 r - a meat ration
 x - 2 royal jellies


   Skills:
 + Level 3.3 Fighting
 + Level 5.7 Long Blades
 + Level 1.8 Throwing
 + Level 2.4 Armour
 + Level 3.6 Dodging
 + Level 0.7 Stealth


You had 6 spell levels left.
You didn't know any spells.

Dungeon Overview and Level Annotations

Branches:
Dungeon (5/15)
 Temple: D:4-7

Altars:
Ashenzari
Dithmenos
Trog
Vehumet
The Shining One

Annotations:
D:3 Mamutox's ghost, amateur HOMo
D:5 Menkaure


Innate Abilities, Weirdness & Mutations

You have sharp fingernails.
You have a somewhat thin skeletal structure. (Dex +2, Stealth)
Your flesh is cold resistant. (rC+)
When hurt, damage is shared between your health and your magic reserves.
You are immune to freezing clouds.


Message History

Put on which piece of jewellery? (? for menu, Esc to quit)
h - a ring of see invisible (right claw)
The ogre hits you with a giant club!!
The iguana hisses menacingly.
Found 30 bolts.
Found an escape hatch in the floor.
The howler monkey hoots and howls with incredible vigour!
There is an escape hatch in the floor here.
As you read the scroll of teleportation, it crumbles to dust.
You feel strangely unstable. The hippogriff bites you.
The hippogriff barely misses you. x2; The ogre hits you with a giant club!
* * * LOW HITPOINT WARNING * * *
You are confused.
You feel invigorated. The hippogriff bites you!
* * * LOW HITPOINT WARNING * * *
The hippogriff pecks you but does no damage.
The hippogriff claws you.
* * * LOW HITPOINT WARNING * * *
You bump into the rock wall.
The ogre hits you with a giant club!!
You die...

######## #.......
#.###### #.# #.#
#.###### #.##....
########## #.##.###
# #.@H........#...#
#
#.#O##########.####
# #.#l####### #. ..
#.S......# ## ##
#.#h####... ###.#
#.# . #.# . ##.#
#.. .


You could see a hippogriff, an ogre, a howler monkey, an iguana and an adder.

Vanquished Creatures
  The ghost of karf the Cutter, an amateur DrFE (D:4)
  An ice beast (D:5)
  An orc priest (D:5)
  4 orc wizards
  A worker ant (D:4)
  3 adders (D:2)
  An ooze (D:2)
  2 adder zombies (D:1)
  6 worms
  6 dart slugs
  5 leopard geckos
  7 orcs
  6 giant cockroaches
  6 goblins
  8 hobgoblins
  11 jackals
  9 kobolds
  3 quokkas
  6 bats
  3 frilled lizards
  11 rats
101 creatures vanquished.

Notes
Turn   | Place    | Note
-------+----------+-------------------------------------------
     0 | D:1      | sagitran the Demonspawn Gladiator began the quest for the Orb.
     0 | D:1      | Reached XP level 1. HP: 16/16 MP: 1/1
   305 | D:1      | Gained mutation: Your flesh is cold resistant. (rC+) [demonic ancestry]
   305 | D:1      | Reached XP level 2. HP: 22/22 MP: 2/2
   345 | D:1      | Reached skill level 3 in Long Blades
   684 | D:1      | Gained mutation: When hurt, damage is shared between your health and your magic reserves. [demonic ancestry]
   684 | D:1      | Reached XP level 3. HP: 27/27 MP: 3/3
  1347 | D:2      | Found a radiant altar of Vehumet.
  1441 | D:2      | Reached XP level 4. HP: 23/34 MP: 2/4
  1476 | D:2      | Reached skill level 1 in Armour
  2054 | D:2      | Reached skill level 4 in Long Blades
  2459 | D:3      | Noticed Mamutox's ghost (amateur HOMo)
  2476 | D:3      | Found a shadowy altar of Dithmenos.
  2530 | D:3      | Gained mutation: You are immune to freezing clouds. [demonic ancestry]
  2530 | D:3      | Reached XP level 5. HP: 34/40 MP: 5/5
  2724 | D:3      | Found a faded altar of an unknown god.
  2884 | D:4      | Found a glowing golden altar of the Shining One.
  3220 | D:4      | Noticed a moth of wrath
  3276 | D:4      | Found a bloodstained altar of Trog.
  3520 | D:4      | Noticed karf's ghost (amateur DrFE)
  3539 | D:4      | Killed karf's ghost
  3539 | D:4      | Reached skill level 5 in Long Blades
  3539 | D:4      | Gained mutation: You have sharp fingernails. [demonic ancestry]
  3539 | D:4      | Reached XP level 6. HP: 8/47 MP: 3/6
  3833 | D:5      | Entered Level 5 of the Dungeon
  3935 | D:5      | Found a shattered altar of Ashenzari.
  3935 | D:5      | Noticed a hippogriff
  3984 | D:5      | Noticed an ice beast
  4014 | D:5      | Killed an ice beast
  4029 | D:5      | Gained mutation: You have a somewhat thin skeletal structure. (Dex +2, Stealth) [demonic ancestry]
  4029 | D:5      | Reached XP level 7. HP: 31/52 MP: 7/7
  4144 | D:5      | Noticed Menkaure
  4175 | D:5      | Mangled by an ogre

Vault maps used:
D:1:      saegor_arrival_fortress
D:2:      vehumet_crystals, kennysheep_decorative_pillar
D:3:      grunt_dithmenos_smoke_and_mirrors,
          chequers_ecumenical_altar_simple_redux
D:4:      nicolae_tso_carved_into_rock, first_bread, tgw_trog
D:5:      evilmike_ruin_ashenzari, minmay_temple_entry_fiery, minmay_bent,
          uniq_menkaure

Skill      XL: |  1  2  3  4  5 |
---------------+----------------+-----
Long Blades    | 3 4 5 |  5.7
Dodging        | 3 |  3.6
Armour         | 1 2 |  2.4
Fighting       | 3 |  3.3
Throwing       | |  1.8
Stealth        | |  0.7

Action                   |  1- 3 |  4- 6 |  7- 9 || total
-------------------------+-------+-------+-------++-------
Melee: Long sword        |   116 |   188 |    22 ||   326
Throw: Throwing net      |       |       |     3 ||     3
  Use: Potion            |       |     8 |     3 ||    11
       Scroll            |       |     2 |     1 ||     3
 Stab: Sleeping          |       |     1 |       ||     1
  Eat: Chunk             |     1 |     3 |       ||     4
       Bread ration      |       |     2 |       ||     2
Armor: Leather armour    |    38 |    51 |     2 ||    91
       Skin              |       |     5 |    14 ||    19
Dodge: Dodged            |   102 |   123 |    11 ||   236
       Rpst.: Long sword |    40 |    43 |     3 ||    86

Table legend:
 A = Spawn XP
 B = Non-spawn XP
 C = Spawn XP percentage of total XP
 D = Spawn monster count
 E = Non-spawn monster count
 F = Spawn count percentage of total count
 G = Total turns spent on level
                    A         B        C        D         E        F      G
               +---------+---------+-------+---------+---------+-------+---------
         Total |       0 |     787 |   0.0 |       0 |     101 |   0.0 |  4175
               +---------+---------+-------+---------+---------+-------+---------
           D:1 |       0 |      70 |   0.0 |       0 |      32 |   0.0 |  1158
           D:2 |       0 |     108 |   0.0 |       0 |      33 |   0.0 |  1241
           D:3 |       0 |      26 |   0.0 |       0 |      12 |   0.0 |   449
           D:4 |       0 |     272 |   0.0 |       0 |      13 |   0.0 |   985
           D:5 |       0 |     311 |   0.0 |       0 |      11 |   0.0 |   342
               +---------+---------+-------+---------+---------+-------+---------
